AoeStats
← LELZZ | Blegh

Hideout

516886114Analyzed
4v4 RM · 9d ago on Oct 28, 2026· 36m 59s· 8 players
Game mode
Random Map
Map size
Large (8 player)
Population
200
Speed
Normal
Resources
Standard
Victory
Conquest
Starting age
Dark Age
Ending age
Imperial Age
RankedLock teamsTeams togetherTeam positionsShared explorationLock speedFull tech treeHidden civsTurbo modeCheats
Victory
Defeat
🇺🇸 Cumans · United States
1258
+18
🇮🇳 Huns · India
1256
+18
🇺🇸 Ethiopians · United States
1246
+19
🇺🇸 Armenians · United States
1110
+25
vs
🇯🇵 Britons · Japan
1350
-22
🇺🇸 Dravidians · United States
1328
-21
🇦🇷 Jurchens · Argentina
1278
-19
1252
-18
seba_aof
9:18 Loom
12:22 Feudal Age
15:54 Castle Age
14:13 Double-Bit Axe
14:42 Horse Collar
20:27 Padded Archer Armor
24:18 Leather Archer Armor
31:47 Town Watch
33:30 Fletching
Tsoudbrah
8:05 Loom
10:05 Feudal Age
10:48 Man-at-Arms
12:21 Double-Bit Axe
13:13 Fletching
13:25 Padded Archer Armor
14:32 Horse Collar
21:26 Castle Age
21:45 Scale Mail Armor
22:16 Bodkin Arrow
22:47 Pikeman
25:03 Squires
26:36 Elite Skirmisher
28:21 Leather Archer Armor
sada-aki
11:05 Feudal Age
11:31 Double-Bit Axe
11:26 Horse Collar
12:35 Loom
16:13 Castle Age
15:16 Gold Mining
16:31 Fletching
16:42 Padded Archer Armor
17:07 Bow Saw
19:07 Bodkin Arrow
20:06 Crossbowman
24:38 Ballistics
TEUTONEN(儒门学习版)
6:16 Loom
8:19 Feudal Age
9:02 Double-Bit Axe
17:40 Castle Age
16:32 Fletching
17:45 Crossbowman
19:49 Bow Saw
20:38 Bodkin Arrow
20:44 Padded Archer Armor
23:17 Leather Archer Armor
nikhdy
11:18 Feudal Age
15:03 Castle Age
12:50 Double-Bit Axe
14:39 Horse Collar
17:54 Wheelbarrow
20:54 Stone Mining
22:09 Gold Mining
24:06 Bow Saw
25:25 Hand Cart
29:48 Imperial Age
27:40 Husbandry
27:51 Bloodlines
28:13 Marauders
28:22 Scale Barding Armor
28:28 Forging
29:33 Chain Barding Armor
31:08 Iron Casting
31:02 Conscription
31:49 Plate Barding Armor
31:37 Atheism
31:19 Elite Tarkan
33:12 Gold Shaft Mining
34:12 Blast Furnace
russoft
8:42 Loom
10:27 Feudal Age
10:55 Man-at-Arms
11:22 Arson
11:48 Long Swordsman
15:37 Scale Mail Armor
23:02 Castle Age
21:09 Town Watch
25:41 Two-Handed Swordsman
26:53 Double-Bit Axe
36:32 Fletching
motivationman23
10:09 Feudal Age
11:55 Double-Bit Axe
16:16 Fletching
17:22 Horse Collar
17:52 Padded Archer Armor
19:15 Loom
23:09 Castle Age
22:17 Gold Mining
23:11 Crossbowman
23:48 Bodkin Arrow
24:10 Leather Archer Armor
24:35 Gold Shaft Mining
25:19 Stone Mining
26:45 Bow Saw
28:40 Ballistics
LELZZ | Blegh
7:12 Loom
9:58 Feudal Age
10:55 Double-Bit Axe
15:50 Wheelbarrow
16:31 Horse Collar
20:28 Castle Age
19:56 Bloodlines
19:53 Scale Barding Armor
20:22 Gold Mining
21:56 Chain Barding Armor
23:40 Forging
25:30 Bow Saw
30:11 Hand Cart
31:32 Heavy Plow
32:17 Gold Shaft Mining
32:30 Town Watch
37:35 Imperial Age
36:46 Iron Casting
Connection lost

Rejoining the realm…

Still unreachable

The connection could not be restored.

Session expired

The server has moved on; the page needs a fresh start.